 Dungeon Crawl Stone Soup version 0.30.1-9-gdf580d7c3d (webtiles) character file.

Game seed: 10274541050952869015

38 leafyfresh the Covert (level 3, -4/35 HPs)
             Began as a Gnoll Delver on Oct 15, 2023.
             Succumbed to a scorpion's poison
             ... on level 5 of the Dungeon.
             The game lasted 00:01:35 (844 turns).

leafyfresh the Covert (Gnoll Delver)                 Turns: 844, Time: 00:01:36

Health: -4/35      AC:  5    Str: 11    XL:     3   Next: 43%
Magic:  4/4        EV: 13    Int: 11    God:
Gold:   62         SH:  0    Dex: 13    Spells: 3/3 levels left

rFire   . . .        a - +0 short sword
rCold   . . .        (no shield)
rNeg    . . .        b - +0 leather armour
rPois   .            (no helmet)
rElec   +            (no cloak)
rCorr   .            (no gloves)
SInv    .            (no boots)
Will    .....        j - amulet of the acrobat
Stlth   +++++        (no ring)
HPRegen 0.25/turn    (no ring)
MPRegen 0.09/turn

%: acrobat, clarity
@: lethally poisoned (-4 -> -27)
A: fangs 1, strong nose, distributed training, iridescent scales 1, camouflage
1, clarity, electricity resistance
a: no special abilities


You were on level 5 of the Dungeon.
You visited 1 branch of the dungeon, and saw 1 of its levels.

You collected 62 gold pieces.

Inventory:

Hand Weapons
 a - a +0 short sword (weapon)
 h - a +0 dagger
 i - a +0 sling
Armour
 b - a +0 leather armour (worn)
Jewellery
 j - an amulet of the acrobat (around neck)
Wands
 g - a wand of digging (3)
Scrolls
 c - a scroll of fog
 d - a scroll of magic mapping
 k - 3 scrolls of poison {unknown}
 m - a scroll of summoning {unknown}
Potions
 e - a potion of mutation
 f - a potion of haste
 l - a potion of brilliance {unknown}


   Skills:
 + Level 6.5 Fighting
 + Level 4.5 Short Blades
 + Level 0.8 Long Blades
 + Level 0.8 Axes
 + Level 0.8 Maces & Flails
 + Level 0.8 Polearms
 + Level 0.8 Staves
 + Level 0.8 Ranged Weapons
 + Level 0.8 Throwing
 + Level 0.8 Armour
 + Level 4.5 Dodging
 + Level 9.6 Stealth
 + Level 0.8 Shields
 + Level 0.8 Unarmed Combat
 + Level 0.8 Spellcasting
 + Level 0.5 Conjurations
 + Level 0.5 Hexes
 + Level 0.5 Summonings
 + Level 0.5 Necromancy
 + Level 0.5 Translocations
 + Level 0.5 Transmutations
 + Level 0.5 Fire Magic
 + Level 0.5 Ice Magic
 + Level 0.5 Air Magic
 + Level 0.5 Earth Magic
 + Level 0.5 Poison Magic
 + Level 1.0 Invocations
 + Level 0.8 Evocations


You had 3 spell levels left.
You didn't know any spells.
Your spell library was empty.

Dungeon Overview and Level Annotations

Branches:
Dungeon (5/15)
 Temple: D:4-7

Altars:


Innate Abilities, Weirdness & Mutations

You have very sharp teeth.
Your uncanny sense of smell can sniff out nearby items.
Your experience applies equally to all skills.
You are partially covered in iridescent scales. (AC +2)
Your skin changes colour to match your surroundings (Stealth+).
You possess an exceptional clarity of mind.
You are resistant to electric shocks. (rElec)


Message History

You feel sick. The scorpion misses you.
You hit the scorpion.
The scorpion is severely wounded.
You feel sick.
You hit the scorpion.
The scorpion is almost dead.
You feel sick. The scorpion closely misses you.
You barely miss the scorpion.
You bite the scorpion, but do no damage.
The scorpion is almost dead.
You feel sick. The scorpion stings you.
You hit the scorpion but do no damage.
The scorpion is almost dead.
You feel sick. The scorpion stings you.
* * * LOW HITPOINT WARNING * * *
You hit the scorpion but do no damage.
You bite the scorpion, but do no damage.
The scorpion is almost dead.
You feel sick. The scorpion misses you.
You hit the scorpion.
You bite the scorpion, but do no damage.
The scorpion is almost dead.
The scorpion stings you.
* * * LOW HITPOINT WARNING * * *
You are lethally poisoned!
The scorpion poisons you!
You barely miss the scorpion.
You bite the scorpion, but do no damage.
The scorpion is almost dead.
* * * LOW HITPOINT WARNING * * *
You feel sick. The scorpion stings you.
* * * LOW HITPOINT WARNING * * *
You are more poisoned.
The scorpion poisons you!
Unknown command.
It was a potion of mutation.
You feel extremely strange.
Iridescent scales grow over part of your body.
You feel insulated.
Your thoughts seem clearer.
Your skin functions as natural camouflage.
You die...

#...# ####.#...#
#..## #.#...#
#.####..#
#.#...#
#.......#
#.#...#
...####.##
####...... . #.#
#......... ...
#.# #.#####...
.....####.#
###.#####.##
......s@..#
#...........
.##########
#.#.#####.##
#####.#.........
#.......#####...
#.###.#.# #.##
#.###.#.# #.##
#.##..#.# #.##
#.......# ###.##
#.......###.....


You could see a scorpion.

Vanquished Creatures
  A sleepcap (D:5)
  A shadow imp (D:5)
  A worm (D:5)
  An orc (D:5)
4 creatures vanquished.

Notes
Turn   | Place    | Note
-------+----------+-------------------------------------------
     0 | D:5      | Reached skill level 9 in Stealth
     0 | D:5      | leafyfresh the Gnoll Delver began the quest for the Orb.
     0 | D:5      | Reached XP level 1. HP: 23/23 MP: 1/1
   135 | D:5      | Noticed a sleepcap
   156 | D:5      | Killed a sleepcap
   157 | D:5      | Reached XP level 2. HP: 23/29 MP: 2/2
   157 | D:5      | Reached XP level 3. HP: 28/35 MP: 3/3
   664 | D:5      | Reached skill level 1 in Invocations
   821 | D:5      | Noticed a scorpion
   844 | D:5      | Gained mutation: You are partially covered in iridescent
                  | scales. (AC +2) [potion of mutation]
   844 | D:5      | Gained mutation: You are resistant to electric shocks.
                  | (rElec) [potion of mutation]
   844 | D:5      | Gained mutation: You possess an exceptional clarity of
                  | mind. [potion of mutation]
   844 | D:5      | Gained mutation: Your skin changes colour to match your
                  | surroundings (Stealth+). [potion of mutation]
   844 | D:5      | Succumbed to a scorpion's poison

Illustrated notes

Levels and vault maps discovered:
D:5:      layout_loops_cross

Skill      XL: |  1  2  3 |
---------------+----------+-----
Stealth        | |  9.6
Invocations    | 1 |  1.0
Fighting       | |  6.5
Short Blades   | |  4.5
Long Blades    | |  0.8
Axes           | |  0.8
Maces & Flails | |  0.8
Polearms       | |  0.8
Staves         | |  0.8
Ranged Weapons | |  0.8
Throwing       | |  0.8
Armour         | |  0.8
Dodging        | |  4.5
Shields        | |  0.8
Unarmed Combat | |  0.8
Spellcasting   | |  0.8
Conjurations   | |  0.5
Hexes          | |  0.5
Summonings     | |  0.5
Necromancy     | |  0.5
Translocations | |  0.5
Transmutations | |  0.5
Fire Magic     | |  0.5
Ice Magic      | |  0.5
Air Magic      | |  0.5
Earth Magic    | |  0.5
Poison Magic   | |  0.5
Evocations     | |  0.8

Action                     || total
---------------------------++-------
  Melee: Short sword       ||    68
         Bite              ||    14
         Punch             ||     1
   Fire: Sling             ||     4
    Use: Scroll            ||     1
         Potion            ||     1
   Stab: Sleeping          ||     1
 Armour: Leather armour    ||     5
  Dodge: Dodged            ||    39
